[Event "Early-Titled-Tuesday-Blitz-February-06-2024"]
[Site "Chess.com"]
[Date "2024.02.06"]
[Round "3"]
[White "aranibos"]
[Black "elchacal664"]
[Result "1-0"]
[WhiteElo "2268"]
[BlackElo "2464"]
[TimeControl "180+1"]
[EndTime "8:29:08 PST"]
[Termination "aranibos won by checkmate"]

1. d4 Nf6 2. Nf3 e6 3. Bg5 h6 4.
Bxf6 Qxf6 5. c3 Qd8 6. e4 d6 7. Nbd2 Be7 8. Bd3 b6 9. Qe2 Bb7 10. O-O Nd7 11. e5 d5 12. a4 a6 13. b4 c5 14. bxc5 bxc5 15. Rfb1 Qc7 16. h3 O-O 17. Bc2 Rfb8 18. a5 cxd4 19. Qd3 g6 20. cxd4 Bc6 21. Rc1 Bb5 22. Qe3 Qd8 23. Qxh6 Qf8 24. Qxf8+ Kxf8 25. Ba4 Bb4 26. Bxb5 axb5 27. Nb3 Ra6 28. Rc7 Ke8 29. Ng5 Kd8 30. Rc2 Ke8 31. Rc7 Kd8 32. Rc2 Ke7 33.
Rc7 Ke8 34. Nxf7 Kxf7 35. Rxd7+ Be7 36. Rc1 Rd8 37. Rcc7 Rxd7 38. Rxd7 Ke8 39. Rb7 b4 40.
Rb6 Rxb6 41. axb6 Kd7 42. Kf1 Kc6 43. b7 Kxb7 44. Ke2 Kc6 45. Kd3 Kb5 46. Kc2 Kc4 47. f4 Bh4 48. g4 Bf2 49. f5 gxf5 50. gxf5 exf5 51. e6 Bh4 52. Nd2+ Kxd4 53. Nf3+ Kc5 54. Nxh4 Kd6 55. Nxf5+ Kxe6 56. Ng3 Kf6 57. h4 Ke5 58.
h5 Kf6 59. Kb3 Kg5 60. Kxb4 d4 61. Kc4 d3 62. Kxd3 Kh6 63. Ke4 Kg7 64. Kf4 Kh7 65. Kg5 Kg7 66. h6+ Kh8 67. Kg6 Kg8 68. Nf5 Kh8 69.
Nd6 Kg8 70. h7+ Kf8 71. h8=Q+ Ke7 72. Qf6+ Kd7 73. Nf5 Kc7 74. Qd6+ Kb7 75. Qc5 Ka6 76. Qb4 Ka7 77. Nd6 Ka6 78. Qb5+ Ka7 79. Qb7# 1-0

[Event "Early-Titled-Tuesday-Blitz-February-06-2024"]
[Site "Chess.com"]
[Date "2024.02.06"]
[Round "3"]
[White "xamax2000"]
[Black "SnekkerAndersen"]
[Result "1-0"]
[WhiteElo "2859"]
[BlackElo "2647"]
[TimeControl "180+1"]
[EndTime "8:29:09 PST"]
[Termination "xamax2000 won by checkmate"]

1. Nf3 d5 2. g3 Nf6 3. Bg2 e6 4. c4 dxc4 5. Qa4+ Bd7 6. Qxc4 c5 7. d4 Bc6 8. dxc5 Nbd7 9. Be3 Rc8 10. b4 b6 11. Nc3 bxc5 12. b5 Bd5 13. Qa4 Qb6 14. O-O Be7 15. Nxd5 exd5 16. Nh4 O-O 17. Nf5 Rfe8 18. Rfd1 d4 19. Bg5 h6 20. Bh4 Bf8 21.
Bxf6 Nxf6 22. Bf3 g6 23. Nh4 c4 24. Rac1 Ne4 25. Bxe4 Rxe4 26. Rxc4 Rce8 27. Nf3 Rxe2 28. Rc6 Qb7 29. Rxd4 Bg7 30. Rf4 Qd7 31. Qc4 R8e7 32. Rxg6 Qh3 33. Rxg7+ Kxg7 34. Qc3+ Kg8 35. Rc4 Re8 36. a4 Qe6 37. a5 Ra2 38. Kg2 Qd5 39.
Rg4+ Kf8 40. Qg7+ Ke7 41. Rd4 Qxb5 42. Ne5 Qb7+ 43. Kh3 Qc8+ 44. g4 Qe6 45. Rd7+ Qxd7 46. Nxd7 Ra3+ 47. Kh4 Kxd7 48. Qxf7+ Re7 49. Qd5+ Ke8 50. f4 Rae3 51. Qg8+ Kd7 52. f5 Re2 53. Qd5+ Ke8 54. h3 R2e5 55. Qc6+ Kf7 56. Qxh6 Ke8 57. Qg6+ Kd7 58. Kg5 Re8 59. h4 R5e7 60. h5 Rf8 61. h6 Rff7 62. Kh5 Ke8 63. Qc6+ Kf8 64. Qc8+ Re8 65. Qc5+ Kg8 66. g5 Ref8 67. f6 Rd7 68.
Qc4+ Kh8 69. Qc3 Rfd8 70. f7+ Kh7 71. g6# 1-0

[Event "Early-Titled-Tuesday-Blitz-February-06-2024"]
[Site "Chess.com"]
[Date "2024.02.06"]
[Round "3"]
[White "Onischuk_V"]
[Black "CristianS27"]
[Result "1/2-1/2"]
[WhiteElo "2806"]
[BlackElo "2581"]
[TimeControl "180+1"]
[EndTime "8:29:11 PST"]
[Termination "Game drawn - insufficient material"]

1. e4 e5 2. Nf3 Nc6 3. Bc4 Nf6 4. d3 Bc5 5. O-O d6 6. h3 a6 7. a4 Ba7 8. Nc3 Ne7 9. Ne2 Ng6 10. Ng3 Be6 11. Re1 h6 12. Nf5 Bxf5 13. exf5 Ne7 14. g4 O-O 15. d4 e4 16. Nh4 d5 17. Bf1 c5 18. dxc5 Bxc5 19. c3 Nc6 20. g5 hxg5 21. Bxg5 Qd6 22. Kg2 Rfe8 23. Qd2 Ne5 24. Bf4 e3 25. fxe3 Ne4 26. Qd1 Qf6 27. Nf3 Nxf3 28. Qxf3 Qxf5 29. Bd3 Rad8 30. Rad1 g5 31. Bh2 Qxf3+ 32.
Kxf3 f5 33. Rg1 Kf7 34. Bxe4 dxe4+ 35. Ke2 Kf6 36. b4 Ba7 37. c4 Bb8 38. Bxb8 Rxb8 39.
Rd6+ Re6 40. Rxe6+ Kxe6 41. Rxg5 Rh8 42. Rg3 Rd8 43. Rg6+ Ke5 44. Rb6 Rd7 45. c5 Rh7 46.
b5 axb5 47. axb5 Kd5 48. c6 bxc6 49. Rxc6 Rxh3 50. Rf6 Ke5 51. Rg6 Rh2+ 52. Kd1 Rb2 53. b6 f4 54. Rg5+ Kf6 55. exf4 Rxb6 56. Ke2 Rb3 57.
Re5 Ra3 58. Rxe4 Kf5 59. Rd4 Rb3 60. Kf2 Ra3 61. Rc4 Rb3 62. Rd4 Ra3 63. Rc4 Rb3 64. Rc5+ Kxf4 65. Rc4+ Ke5 66. Rc5+ Kd4 67. Rh5 Rb2+ 68.
Kg3 Rb3+ 69. Kg4 Rd3 70. Rh3 Kc3 71. Rxd3+ Kxd3 1/2-1/2

[Event "Early-Titled-Tuesday-Blitz-February-06-2024"]
[Site "Chess.com"]
[Date "2024.02.06"]
[Round "3"]
[White "PavelShkapenko"]
[Black "amanjazu"]
[Result "1/2-1/2"]
[WhiteElo "2777"]
[BlackElo "2453"]
[TimeControl "180+1"]
[EndTime "8:29:11 PST"]
[Termination "Game drawn by stalemate"]

1. e4 e6 2. d4 d5 3. exd5 exd5 4. Nf3 Nf6 5. Bd3 Bd6 6. O-O O-O 7. Bg5 h6 8. Bh4 c6 9. Nbd2 Re8 10. c4 Nbd7 11.
c5 Bc7 12. b4 a6 13. a4 Nf8 14. b5 axb5 15. axb5 Rxa1 16. Qxa1 Bd7 17. Qa7 Qb8 18. Qxb8 Bxb8 19. Bxf6 gxf6 20. Rb1 Ne6 21. g3 Kg7 22.
Nf1 f5 23. bxc6 bxc6 24. Bxf5 Nxc5 25. Ne3 Ne6 26. Rb7 Rd8 27. Ng4 Nf8 28. Bxd7 Nxd7 29. Ne3 Kf6 30. Kg2 Ke6 31. h4 c5 32. Rb5 Bd6 33.
Ra5 Rc8 34. Kf1 Nf6 35. dxc5 Rxc5 36. Nd4+ Ke5 37. Rxc5 Bxc5 38. Ndf5 d4 39. Nxh6 dxe3 40. fxe3 Ke6 41. Ke2 Bf8 42. Nxf7 Kxf7 43. Kf3 Kg6 44. g4 Bd6 45. g5 Ne8 46. Kg4 Ng7 47. Kf3 Kh5 48.
Ke4 Kxh4 49. Kd5 Bh2 50. Ke4 Kxg5 51. Kd5 Kf6 52. e4 Be5 53. Kc5 Ke6 54. Kc6 Nh5 55.
Kc5 Nf6 56. Kc4 Nxe4 57. Kd3 Kd5 58. Ke3 Ng5 59. Kd3 Bf4 60. Kc3 Nh3 61. Kd3 Ng1 62. Kc3 Ne2+ 63. Kd3 Nc1+ 64. Kc3 Kc5 65. Kc2 Kd4 66. Kd1 Kd3 67. Ke1 Be3 68. Kf1 Nb3 69.
Kg2 Nd4 70. Kg3 Ke4 71. Kg4 Nf5 72. Kh3 Kf3 73. Kh2 Bf2 74. Kh3 Bg1 1/2-1/2

[Event "Early-Titled-Tuesday-Blitz-February-06-2024"]
[Site "Chess.com"]
[Date "2024.02.06"]
[Round "3"]
[White "Tssunami"]
[Black "MikaelyanArman"]
[Result "0-1"]
[WhiteElo "2504"]
[BlackElo "2884"]
[TimeControl "180+1"]
[EndTime "8:29:11 PST"]
[Termination "MikaelyanArman won on time"]

1. d4 Nf6 2. c4 d6 3. Nc3 e5 4.
Bg5 exd4 5. Qxd4 Nc6 6. Qe3+ Be6 7. Nd5 Be7 8. Nxe7 Qxe7 9. Qc3 O-O-O 10. Bxf6 gxf6 11.
e3 d5 12. cxd5 Rxd5 13. Nf3 Rc5 14. Qa3 Nb4 15. Nd4 Rd8 16. Be2 Rxd4 17. O-O Rh4 18.
g3 Rg5 19. Qxa7 c6 20. Rfd1 Nd5 21. Rac1 Rb4 22. Ba6 Qc7 23. Qa8+ Kd7 24. Bf1 Ke7 25. Bg2 h5 26. e4 Nb6 27. Qh8 h4 28. Qxh4 Rc4 29. Rxc4 Nxc4 30. b3 Ne5 31. Qh8 Ng6 32.
Qg8 Nf4 33. Qh8 Nxg2 34. Kxg2 Re5 35. Qh7 Rc5 36. h4 Rc2 37. Qg8 Rc5 38. b4 Re5 39. Qh7 Rb5 40. a3 Re5 41. h5 Qc8 42. h6 Qf8 43. f4 Rh5 44. Qg7 Rxh6 45. Qxf8+ Kxf8 46.
f5 Bc4 47. Rd8+ Ke7 48. Rb8 b5 49. Rb7+ Kd6 50. Kf3 Rh1 51. Ke3 Rg1 52. Kf3 Rf1+ 53.
Ke3 Ra1 54. g4 Rxa3+ 55. Kf4 Be2 56. g5 Rf3+ 57. Kg4 Rf1+ 58. Kg3 fxg5 59. Rxf7 Ke5 60. Re7+ Kd4 61. Re6 Ke3 62. f6 Rf4 0-1

[Event "Early-Titled-Tuesday-Blitz-February-06-2024"]
[Site "Chess.com"]
[Date "2024.02.06"]
[Round "3"]
[White "Sattarov_Bobur"]
[Black "SharapovEvgeny"]
[Result "1-0"]
[WhiteElo "2758"]
[BlackElo "2534"]
[TimeControl "180+1"]
[EndTime "8:29:13 PST"]
[Termination "Sattarov_Bobur won by resignation"]

1. e4 c5 2. Nf3 d6 3. d4 cxd4 4. Nxd4 Nf6 5. f3 e6 6. c4 Be7 7. Nc3 O-O 8. Be3 Nbd7 9. Be2 d5 10. O-O dxe4 11. fxe4 Ne5 12. Qc2 a6 13. h3 Qc7 14.
b3 Rd8 15. Rad1 b6 16. Kh1 Bb7 17. Bf4 Bd6 18. Bg5 Be7 19. Qc1 Rd7 20. Nd5 exd5 21. exd5 Nxd5 22. Nf5 Bf8 23. cxd5 Qxc1 24. Rxc1 Bxd5 25.
Bf4 Ng6 26. Be3 b5 27. Bg4 Be6 28. Bf3 Rad8 29. Bc6 Bxf5 30. Rxf5 Rd1+ 31. Rf1 Rxf1+ 32. Rxf1 Rd3 33. Bc1 Rc3 34. Bd5 Rc7 35. Be3 Rd7 36. Bc6 Rc7 37. Bd5 Rd7 38. Bc6 Rc7 39. Bf3 Ne5 40.
Be4 g6 41. Rd1 Bc5 42. Bf4 Re7 43. Bh6 f5 44. Bd5+ Nf7 45. Rc1 Rc7 46. Bf4 Rc8 47. b4 Kf8 48. Rxc5 Rxc5 49. bxc5 g5 50. Bxf7 Kxf7 51. Bxg5 Ke6 52. Be3 Kd5 53. Kh2 b4 54. Kg3 a5 55. Kf4 a4 56. Kxf5 a3 57. Bc1 Kxc5 58.
Ke4 Kc4 59. g4 Kc3 60. Bg5 Kb2 61. Be7 Kxa2 62. Bxb4 Kb3 63. Bxa3 Kxa3 64. Kf5 Kb4 65. Kg5 Kc5 66. Kh6 Kd6 67. h4 Ke7 68. g5 Kf7 69. Kxh7 Kf8 70. g6 1-0

[Event "Early-Titled-Tuesday-Blitz-February-06-2024"]
[Site "Chess.com"]
[Date "2024.02.06"]
[Round "3"]
[White "KbzasDavid16"]
[Black "Rosh1610"]
[Result "1-0"]
[WhiteElo "2564"]
[BlackElo "2361"]
[TimeControl "180+1"]
[EndTime "8:29:14 PST"]
[Termination "KbzasDavid16 won by checkmate"]

1. d4 Nf6 2. c4 e6 3. Nf3 d5 4. g3 dxc4 5. Bg2 Nc6 6. O-O Rb8 7. Nc3 Be7 8. Qa4 O-O 9. Qxc4 Na5 10. Qa4 Bd7 11.
Qxa5 b6 12. Qg5 Ne4 13. Qe3 Nxc3 14. Qxc3 c5 15. dxc5 Bxc5 16. Be3 Rc8 17. Bxc5 Rxc5 18. Qd2 Bb5 19. Qxd8 Rxd8 20. Rfd1 Rxd1+ 21. Rxd1 g6 22. Nd4 Be8 23. Nb3 Rc8 24. Be4 f5 25. Bd3 e5 26. f3 Kf7 27. Rc1 Rxc1+ 28. Nxc1 Ke6 29. Kf2 Bc6 30. e4 fxe4 31. Bxe4 Bb5 32. Ke3 a5 33. Ne2 Bd7 34. Nc3 Kd6 35. Nd5 Kc5 36. Nf6 Be6 37. a3 Kc4 38. Bc2 h6 39. g4 g5 40.
Ne4 b5 41. Nd2+ Kc5 42. Bb3 Bd7 43. Ke4 a4 44. Ba2 Kd6 45. Bd5 Be8 46. Ba2 Bd7 47. Kd3 Be8 48. Ne4+ Kc6 49. Kc3 Bg6 50. Kb4 Kb6 51.
Nd6 Bd3 52. Bd5 Be2 53. Be4 Bf1 54. Nf7 Bc4 55. Nxe5 Be6 56. Ng6 Bb3 57. h4 Bf7 58. Ne5 Be6 59. hxg5 hxg5 60. Nd3 Bc4 61. Ne5 Be6 62.
Bf5 Bd5 63. Ng6 Bxf3 64. Ne7 Bb7 65. Nc8+ Ka6 66. Nd6 Bc6 67. Nf7 Bd5 68. Nxg5 Kb6 69. Ne4 Bg8 70. g5 Bf7 71. g6 Bg8 72. Ng5 Kc6 73. Be6 Bxe6 74. Nxe6 Kd6 75. g7 Ke7 76. g8=Q Kf6 77. Nc5 Ke7 78. Qe6+ Kf8 79. Qd7 Kg8 80. Ne6 Kh8 81. Qg7# 1-0

[Event "Early-Titled-Tuesday-Blitz-February-06-2024"]
[Site "Chess.com"]
[Date "2024.02.06"]
[Round "3"]
[White "mertfelin"]
[Black "Manukyan_Artak"]
[Result "1/2-1/2"]
[WhiteElo "2276"]
[BlackElo "2484"]
[TimeControl "180+1"]
[EndTime "8:29:15 PST"]
[Termination "Game drawn - insufficient material"]

1. e4 c6 2. Nc3 d5 3. Nf3 dxe4 4. Nxe4 Nf6 5. Qe2 Nxe4 6. Qxe4 Qd5 7. Qh4 Qe6+ 8. Be2 Qg4 9. Qxg4 Bxg4 10. d4 Nd7 11. Bf4 e6 12. h3 Bh5 13. c3 Nf6 14.
O-O Rd8 15. Rfe1 Bd6 16. Bg5 Be7 17. g4 Bg6 18. Ne5 Nd7 19. Bf4 Nxe5 20. Bxe5 O-O 21. Rad1 Bd6 22. Bf3 h6 23. h4 Bxe5 24. Rxe5 Rd7 25. h5 Bh7 26. Kf1 Rfd8 27. Ke2 Kf8 28. Ke3 f6 29. Rc5 e5 30. d5 cxd5 31. Rcxd5 Rxd5 32. Rxd5 Rxd5 33. Bxd5 b6 34. b4 Ke7 35. c4 Kd6 36. a3 f5 37. gxf5 Bxf5 38. f4 g6 39.
Bf7 gxh5 40. Bxh5 exf4+ 41. Kxf4 Be6 42. Be2 Bf7 43. Ke3 Ke5 44. a4 a5 45. c5 bxc5 46. bxa5 Kd6 47. Bf3 Bc4 48. Kd2 Ba6 49. Kc3 Ke5 50. Bh5 Kf4 51. Kd2 Kg5 52. Be8 h5 53. Bc6 h4 54. Bb5 Bb7 55. a6 Ba8 56. Bf1 Kf4 57.
Kc3 Kg3 58. Kc4 Bc6 59. a5 Bf3 60. Kxc5 h3 61. Bxh3 Kxh3 62. Kb6 Kg4 63. Kc7 Kf5 64. Kb8 Ke6 65. a7 Kd6 66. a8=Q Bxa8 67. a6 Bc6 68. a7 Bd5 69. a8=Q Bxa8 1/2-1/2

[Event "Early-Titled-Tuesday-Blitz-February-06-2024"]
[Site "Chess.com"]
[Date "2024.02.06"]
[Round "3"]
[White "Suleyman_Chess06"]
[Black "Marcan2b"]
[Result "0-1"]
[WhiteElo "2659"]
[BlackElo "3023"]
[TimeControl "180+1"]
[EndTime "8:29:19 PST"]
[Termination "Marcan2b won on time"]

1. Nf3 d5 2. g3 Nf6 3. Bg2 g6 4.
O-O Bg7 5. d4 O-O 6. c4 dxc4 7.
Na3 c3 8. bxc3 c5 9. Re1 Nc6 10. e4 cxd4 11. cxd4 Bg4 12. Bb2 Nd7 13. e5 Nb6 14. h3 Be6 15. Nb5 Rc8 16. Nc3 Nb4 17.
a3 N4d5 18. Ne4 Nc4 19. Qe2 Bf5 20. Rac1 Nxb2 21. Qxb2 Rxc1 22. Qxc1 b6 23. Nc3 Nxc3 24. Qxc3 Qd7 25. g4 Rc8 26. Qe3 Be6 27. Rc1 Bd5 28.
Rxc8+ Qxc8 29. Ne1 Bxg2 30. Nxg2 e6 31. Nf4 Bh6 32.
h4 Qc4 33. g5 Bf8 34. d5 exd5 35. e6 Qe4 36. Nxd5 Qxe3 37. fxe3 fxe6 38. Nf6+ Kf7 39. a4 h6 40. Ne4 hxg5 41. hxg5 e5 42. Kf2 Ke6 43. Kf3 Be7 44. Kg4 a6 45. Nc3 Bb4 46.
Ne2 b5 47. axb5 axb5 48. Kf3 Be7 49. Ke4 b4 50. Nc1 Bxg5 51. Nd3 Be7 52. Nxe5 b3 53. Nc4 Bf6 54. Kd3 g5 55. Nd2 b2 56. Kc2 g4 57.
Ne4 Be5 58. Nf2 g3 59. Nh3 Kf5 60. e4+ Kxe4 61. Kb1 g2 62. Ng1 Bd4 63. Ne2 Ke3 64. Ng1 Kd3 65. Nf3 Kc3 66. Ne1 g1=Q 0-1

[Event "Early-Titled-Tuesday-Blitz-February-06-2024"]
[Site "Chess.com"]
[Date "2024.02.06"]
[Round "3"]
[White "Chesstiger64"]
[Black "Makswolf200817"]
[Result "0-1"]
[WhiteElo "2261"]
[BlackElo "2725"]
[TimeControl "180+1"]
[EndTime "8:29:23 PST"]
[Termination "Makswolf200817 won by checkmate"]

1. d4 Nf6 2. Nf3 e6 3. e3 b6 4.
c4 Bb7 5. Nc3 Bb4 6. Bd2 O-O 7.
Bd3 d5 8. cxd5 exd5 9. a3 Bd6 10. Nb5 Be7 11. Rc1 c5 12. dxc5 bxc5 13. O-O a6 14. Nc3 Nbd7 15. Na4 Bd6 16. Qc2 Rc8 17. Rfd1 Re8 18. Bf5 g6 19. Bh3 Rc7 20. Ba5 Ne4 21. b4 c4 22. Bxc7 Qxc7 23. Bxd7 Qxd7 24. Nc3 f5 25. g3 Qf7 26. Nd4 Be5 27. a4 h5 28.
b5 axb5 29. axb5 h4 30. Qe2 Nc5 31. Nc6 Bxc6 32. bxc6 Nb3 33. Rc2 d4 34. Nb5 d3 35.
Rxd3 cxd3 36. Qxd3 Na5 37. c7 Qe6 38. Qd8 Bxc7 39.
Qxc7 Nb3 40. Kg2 Qe4+ 41. f3 Qe6 42. Qc3 Qxe3 43. Qxe3 Rxe3 44. gxh4 Kg7 45. Nd6 Nd4 46. Rd2 Nxf3 47. Kf2 Rb3 48. Ra2 Nxh2 49. h5 Ng4+ 50.
Kg2 Ne3+ 51. Kf2 gxh5 52. Ra6 Ng4+ 53. Kg2 f4 54. Nf5+ Kf7 55. Nh4 Rg3+ 56. Kf1 f3 57. Ra7+ Kf6 58. Ra3 Nh2+ 59. Ke1 Rh3 60. Nxf3 Rxf3 61.
Rxf3+ Nxf3+ 62. Kf2 Ng5 63. Kg3 Kf5 64. Kh4 Kg6 65.
Kg3 Nf7 66. Kh4 Nh6 67. Kg3 Nf5+ 68. Kh3 Kg5 69. Kg2 Kg4 70. Kh2 h4 71. Kg2 h3+ 72. Kh2 Nh4 73. Kg1 Kg3 74. Kh1 Ng6 75. Kg1 Ne5 76. Kh1 Ng4 77. Kg1 h2+ 78. Kh1 Nf2# 0-1

[Event "Early-Titled-Tuesday-Blitz-February-06-2024"]
[Site "Chess.com"]
[Date "2024.02.06"]
[Round "3"]
[White "JuniorJumper"]
[Black "KnightmareJoker"]
[Result "0-1"]
[WhiteElo "2516"]
[BlackElo "2172"]
[TimeControl "180+1"]
[EndTime "8:29:24 PST"]
[Termination "KnightmareJoker won on time"]

1. b3 d5 2. Bb2 e6 3. e3 Nf6 4. Nf3 c5 5. c4 Nc6 6. Be2 Be7 7. O-O O-O 8. cxd5 exd5 9. d4 h6 10. Nc3 Be6 11. Rc1 b6 12. Bb5 Rc8 13. dxc5 bxc5 14. Qe2 d4 15. exd4 Nxd4 16. Nxd4 cxd4 17. Ne4 Nxe4 18. Qxe4 Bf6 19. Bd3 g6 20. Rxc8 Qxc8 21. Rc1 Qd7 22. Qf4 Bg5 23. Qe5 Bxc1 24. Bxc1 Qd5 25.
Qf6 Qh5 26. h3 Qd1+ 27. Kh2 Qxc1 28. Bxg6 fxg6 29. Qxe6+ Rf7 30. Qxg6+ Kf8 31. Qd6+ Kg7 32. Qe5+ Rf6 33. Qe7+ Kg6 34. Qe4+ Kf7 35. Qh7+ Ke6 36. Qe4+ Kd7 37. Qxd4+ Ke7 38. Qe4+ Re6 39. Qb7+ Kd6 40. Qb4+ Qc5 41. Qb8+ Qc7 42. Qf8+ Kd5+ 43. g3 Qd6 44. Qf3+ Kc5 45. Qc3+ Kb6 46. Qf3 Rf6 47. Qe2 Qc5 48.
Kg1 Qc1+ 49. Kg2 Qc6+ 50. Kg1 Rd6 51. Kh2 Qd5 52. Qe3+ Qd4 53. Qe2 Rf6 54. Kg1 Rd6 55. Kh2 Qd3 56. Qg4 Rd5 57. Qb4+ Kc6 0-1

[Event "Early-Titled-Tuesday-Blitz-February-06-2024"]
[Site "Chess.com"]
[Date "2024.02.06"]
[Round "3"]
[White "Ducke13"]
[Black "Chessdreamer2020"]
[Result "0-1"]
[WhiteElo "2291"]
[BlackElo "2546"]
[TimeControl "180+1"]
[EndTime "8:29:26 PST"]
[Termination "Chessdreamer2020 won by checkmate"]

1. d4 d6 2. g3 e5 3. dxe5 dxe5 4.
Qxd8+ Kxd8 5. f4 Nc6 6. Nf3 Bd6 7. Bd2 Bf5 8. Ng5 Ke7 9. e4 Bg4 10. Nc3 f6 11. Nh3 Nd4 12. Nd5+ Kf7 13. Ne3 Nf3+ 14. Kf2 Nxd2 15. Nxg4 Nxe4+ 16. Ke3 Nc5 17. Bc4+ Ke7 18. Rhf1 h5 19. fxe5 fxe5 20. Rf7+ Ke8 21. Ngf2 Nf6 22.
Ng5 h4 23. Rxg7 hxg3 24. hxg3 Nh5 25. Rg6 Nxg3 26. Rg1 Nf5+ 27. Kd2 Rd8 28. Ke1 Rd7 29.
Ne6 Rdh7 30. Ng4 Nxe6 31. Bxe6 Nh4 32. Nf6+ Ke7 33. Ng8+ Kd8 34. R6g3 e4 35. Rh3 Nf3+ 36. Rxf3 exf3 37. Nf6 Rh1 38. Rxh1 Rxh1+ 39. Kf2 Rh3 40. Bxh3 Bc5+ 41. Kxf3 Bd4 42. Nd5 Bxb2 43. Ke4 c6 44. Nb4 Bc3 45. Nd3 Kc7 46. Nf4 a5 47. Be6 Kb6 48. Nd3 Bg7 49. Bc4 Kc7 50. a4 Kd6 51.
Nf4 Bf6 52. Bd3 Kc5 53. Ne6+ Kb4 54. Nc7 Kxa4 55. Ne8 Be7 56. Kd4 Kb4 57. Nc7 Bf6+ 58. Ke3 a4 59. Kd2 a3 60. c3+ Kb3 61. Bb1 Kb2 62.
Bd3 a2 63. Ne8 Bh8 64. Bc4 a1=Q 65. Nd6 Qc1+ 66. Kd3 Qxc3+ 67. Ke4 Qd4+ 68. Kf5 Qxd6 69. Be6 Qe5+ 70. Kg6 Qxe6+ 71. Kh7 Qg4 72. Kh6 c5 73.
Kh7 c4 74. Kh6 c3 75. Kh7 Qg7# 0-1

[Event "Early-Titled-Tuesday-Blitz-February-06-2024"]
[Site "Chess.com"]
[Date "2024.02.06"]
[Round "3"]
[White "NovakRatko"]
[Black "BeardedNM"]
[Result "0-1"]
[WhiteElo "2413"]
[BlackElo "2215"]
[TimeControl "180+1"]
[EndTime "8:29:27 PST"]
[Termination "BeardedNM won on time"]

1. d4 e6 2. c4 Nf6 3. a3 d5 4. Nc3 c5 5. dxc5 Bxc5 6. cxd5 exd5 7. b4 Bb6 8. e3 O-O 9. Nf3 Nc6 10. Be2 Re8 11. O-O d4 12. exd4 Nxd4 13. Nxd4 Qxd4 14. Bb2 Bf5 15. Bf3 Be4 16. Nxe4 Qxb2 17. Nxf6+ Qxf6 18. Bxb7 Rad8 19. Qf3 Qb2 20. Rab1 Qe5 21. a4 Rd6 22. a5 Rf6 23. Qg3 Bc7 24. Qxe5 Bxe5 25. Rfe1 Rfe6 26.
Kf1 g5 27. g3 h6 28. Bd5 R6e7 29. Bc6 Rb8 30. b5 Kf8 31. b6 axb6 32. axb6 Bd4 33. Rxe7 Kxe7 34. b7 Be5 35. Re1 Kd6 36. Bg2 f5 37.
Rd1+ Kc7 38. Ke2 f4 39. Kf3 Rxb7 40. Ke4 Rb5 41. g4 Bd6 42. h3 Rc5 43. Kd4 Ra5 44. Bd5 Kd7 45. Be4 Ra4+ 46. Kd5 Ra5+ 47. Kd4 Ra4+ 48.
Kd3 Ra3+ 49. Ke2 Rxh3 50. Bf5+ Ke7 51. f3 Rh2+ 52. Kd3 Rf2 53. Ke4 Re2+ 54. Kd5 Re5+ 55. Kd4 Re3 56. Be4 Ra3 57. Rb1 Ra4+ 58. Kd5 Rb4 59. Rc1 Rb5+ 60. Kc6 Ra5 61. Rd1 Ra6+ 62.
Kb7 Ra5 63. Kb6 Ra3 64. Bc6 Rb3+ 65. Bb5 Rxf3 66. Kc6 Rc3+ 67. Kd5 Re3 68. Ra1 Re5+ 69. Kd4 Rxb5 70. Ra7+ Ke6 71. Ra5 Rxa5 0-1

[Event "Early-Titled-Tuesday-Blitz-February-06-2024"]
[Site "Chess.com"]
[Date "2024.02.06"]
[Round "3"]
[White "Capiberibe"]
[Black "BashirliSaadat"]
[Result "1-0"]
[WhiteElo "2100"]
[BlackElo "2352"]
[TimeControl "180+1"]
[EndTime "8:29:30 PST"]
[Termination "Capiberibe won by checkmate"]

1. e4 c6 2. d4 d5 3. Nd2 dxe4 4. Nxe4 Nf6 5. Nxf6+ exf6 6. c3 Bd6 7. Bd3 O-O 8.
Ne2 Re8 9. Qc2 h6 10. Be3 Bg4 11. O-O-O Nd7 12. Kb1 Qc7 13. h3 Bxe2 14. Bxe2 Bf4 15. Bxf4 Qxf4 16. Bf3 Re7 17. Rde1 Rae8 18. Qd1 Nb6 19.
Rxe7 Rxe7 20. Re1 Qd6 21. Rxe7 Qxe7 22. Qe2 Kf8 23. Qxe7+ Kxe7 24. b3 f5 25. Kc2 Kd6 26.
Kd3 Nd7 27. g3 Nf6 28. Ke3 b6 29. c4 g6 30. h4 Nd7 31. Kd3 c5 32. d5 Ke5 33.
Bg2 Nf6 34. f4+ Kd6 35. Bf3 Ke7 36. Ke3 Kd6 37. Kd3 a6 38. Ke3 Nd7 39. Kd3 b5 40. Ke3 Nb6 41. Kd3 f6 42. Kc3 Nd7 43.
Kd3 Nb6 44. Kc3 Nc8 45. Kd3 Ne7 46. Ke3 Nc8 47. Kd3 bxc4+ 48. bxc4 Kc7 49. Bd1 Nd6 50. Bf3 Kb6 51. Kc3 Ka5 52. Kb3 Nc8 53. Be2 Nd6 54.
Bf3 Kb6 55. Kc3 g5 56. Kb3 Kc7 57. Kc3 Kb6 58. Kb3 g4 59. Bg2 Ne8 60. Bf1 Kc7 61. Bd3 Ng7 62. Ka4 Kb6 63. a3 a5 64. d6 Kc6 65.
Kxa5 Kxd6 66. Kb6 Ne8 67. a4 Nc7 68. Bxf5 Na8+ 69. Kb7 Nc7 70. a5 h5 71. Bg6 Nd5 72.
cxd5 Kxd5 73. a6 Ke6 74. a7 f5 75. a8=Q c4 76. Qe8+ Kd6 77. Bxf5 c3 78. Qe5# 1-0

[Event "Early-Titled-Tuesday-Blitz-February-06-2024"]
[Site "Chess.com"]
[Date "2024.02.06"]
[Round "3"]
[White "malakismayil"]
[Black "vovachesss"]
[Result "0-1"]
[WhiteElo "2501"]
[BlackElo "2832"]
[TimeControl "180+1"]
[EndTime "8:29:31 PST"]
[Termination "vovachesss won on time"]

1. e4 c5 2. Nf3 e6 3. c3 d5 4. exd5 Qxd5 5. Be2 Nf6 6. O-O Be7 7.
d4 cxd4 8. Nxd4 O-O 9. Bf3 Qa5 10. Nd2 Rd8 11. N2b3 Qc7 12. Qe2 a6 13. Re1 Bd7 14. g3 Nc6 15. Bf4 Nxd4 16. cxd4 Qb6 17. Rac1 Rac8 18.
Nc5 Bc6 19. Bxc6 Rxc6 20. Nb3 Nd5 21. Be3 Rdc8 22. Rxc6 Rxc6 23. Rc1 Rxc1+ 24. Nxc1 h6 25. Nb3 Qc6 26. Qd3 Nb4 27. Qb1 Qc4 28. Bd2 Nd5 29. Qc1 Qe2 30. Qe1 Qd3 31. Qc1 b6 32. Qc8+ Kh7 33.
Qc1 a5 34. Be3 a4 35. Na1 Nb4 36. a3 Nd5 37. Qc2 Qxc2 38. Nxc2 b5 39. Kf1 f5 40. Bd2 g5 41. Ke2 Kg6 42. Kd3 Kh5 43. f3 g4 44.
f4 Kg6 45. Ne3 Nf6 46. Ng2 h5 47. Be1 Kf7 48. Ne3 Ne4 49. Nc2 Bf6 50. Nb4 Ke7 51. Nc6+ Kd6 52. Nb4 Be7 53. Na6 Kc6 54. Nb4+ Kd7 55.
Na6 Kd6 56. Bb4+ Kd7 57. Be1 Bd6 58. Nb4 Bc7 59. Nc2 Bd8 60. Ne3 Be7 61. Nc2 Nf6 62. Ne3 Kc6 63. Ba5 Nd5 64. Nc2 h4 65. Be1 h3 66.
Kd2 Bd6 67. Kd3 Bc7 68. Bd2 Bb8 69. Ne1 Bc7 70. Nc2 Nxf4+ 71. gxf4 g3 0-1

[Event "Early-Titled-Tuesday-Blitz-February-06-2024"]
[Site "Chess.com"]
[Date "2024.02.06"]
[Round "3"]
[White "Binary010"]
[Black "Muslim_player_05"]
[Result "1/2-1/2"]
[WhiteElo "2870"]
[BlackElo "2511"]
[TimeControl "180+1"]
[EndTime "8:29:32 PST"]
[Termination "Game drawn by stalemate"]

1. Nf3 Nf6 2. c4 g6 3. Nc3 Bg7 4.
e4 d6 5. d4 O-O 6. Be3 Ng4 7.
Bg5 h6 8. Bd2 e5 9. dxe5 Nxe5 10. Nxe5 dxe5 11. Be3 Nc6 12. Qxd8 Rxd8 13. Nd5 Rd7 14.
O-O-O Nd4 15. f4 c6 16. fxe5 cxd5 17. Rxd4 dxe4 18. Rxe4 Rc7 19. Bf4 Bf5 20. Rd4 Re8 21. Rd5 Be6 22. Rd4 Bf5 23. Rd5 Rce7 24. Be2 Bxe5 25.
Bxe5 Rxe5 26. Rxe5 Rxe5 27. Bf3 b6 28. Kd2 Be6 29.
b3 Ra5 30. a4 Kf8 31. Kc3 Ke7 32. Rd1 Re5 33. Rd3 g5 34. h3 f5 35. b4 g4 36. hxg4 fxg4 37. Bc6 h5 38. Kd4 Re2 39. g3 Rc2 40. Bd5 Bf5 41. Re3+ Kd6 42. c5+ bxc5+ 43.
bxc5+ Rxc5 44. Bc4 Rc7 45. Bb5 Rc2 46. Bc4 Rd2+ 47.
Kc3 Rg2 48. Kd4 Rd2+ 49. Kc3 Rf2 50. Kd4 Rf3 51. Be2 Rxe3 52. Kxe3 Ke5 53. a5 Bd7 54. a6 Bc6 55. Bf1 Bf3 56. Bb5 Bd5 57.
Be8 Bc4 58. Bxh5 Kf5 59. Be8 Bxa6 60. Bd7+ Kg5 61. Kd4 Be2 62. Kc3 Kf6 63. Kb4 Ke5 64. Kc3 Ke4 65. Kd2 Kf3 66. Bc6+ Kf2 67. Bd7 Bf3 68. Kc3 Kxg3 69. Kb2 Kf4 70. Bxg4 Bxg4 71. Ka1 Ke3 72. Kb2 Kd4 73. Ka1 Kc4 74. Kb2 a5 75. Ka1 a4 76. Kb2 Kb4 77. Ka1 Kb3 78.
Kb1 Bf5+ 79. Ka1 Bd3 1/2-1/2

[Event "Early-Titled-Tuesday-Blitz-February-06-2024"]
[Site "Chess.com"]
[Date "2024.02.06"]
[Round "3"]
[White "azikom"]
[Black "zsoltkorpics"]
[Result "1-0"]
[WhiteElo "2713"]
[BlackElo "2472"]
[TimeControl "180+1"]
[EndTime "8:29:33 PST"]
[Termination "azikom won by resignation"]

1. c4 Nf6 2. Nc3 e6 3. e4 c5 4. e5 Ng8 5. d4 cxd4 6. Qxd4 Nc6 7. Qf4 Nge7 8. Nf3 Ng6 9. Qe4 d6 10. exd6 Bxd6 11. Bg5 Be7 12. Bxe7 Qxe7 13. O-O-O O-O 14.
h4 f5 15. Qe3 e5 16. Nd5 Qd8 17. h5 Nge7 18. h6 Nxd5 19. Rxd5 Qf6 20. hxg7 Qxg7 21.
a3 f4 22. Qc3 e4 23. Qxg7+ Kxg7 24. Ne5 Be6 25. Rd6 Nxe5 26. Rxe6 Rae8 27. Rxe8 Rxe8 28.
Rh4 Ng6 29. Rh5 Re5 30. Rxe5 Nxe5 31. Kd2 Ng4 32. Ke1 Kf6 33. Be2 Nh6 34. Kd2 Ke5 35. Kc3 Nf5 36. b4 Nd4 37. Bg4 e3 38. fxe3 fxe3 39.
Kd3 e2 40. Bxe2 Ne6 41. Bf3 b6 42. Ke3 h6 43. Bg4 Nd4 44. Kd3 Nc6 45. Bf3 Nd4 46.
Bb7 Ne6 47. Ke3 Nf4 48. g3 Ne6 49. Bd5 Nc7 50. Be4 Ne6 51. Bg2 Nd4 52. Kd3 Nf5 53. g4 Nd4 54. c5 bxc5 55. bxc5 Ne6 56. Kc4 Nf4 57. Bf3 Ne6 58. a4 Kf4 59. Bd1 Ke5 60. Bc2 Nc7 61. Bg6 Kf4 62. Bh5 Ke5 63. a5 Ke6 64. Bg6 Ke5 65. Bc2 Kf4 66. Bd1 Ke5 67.
Be2 Kf4 68. Kd4 Kg5 69. Ke5 Ne8 70. c6 Kg6 71. Ke6 Kg7 72. Ke7 Nf6 73. c7 Nd5+ 74. Kd6 Nxc7 75. Kxc7 Kf6 76. Kb7 Ke5 77. Kxa7 1-0